 Dungeon Crawl Stone Soup version 0.27.1-3-gb3d3a73c9e (webtiles) character file.

Game seed: 4677280904081446498

2674 Crownlay the Cleaver (level 9, -9/78 HPs)
             Began as a Hill Orc Fighter on Oct 27, 2021.
             Was a Priest of Okawaru.
             Mangled by a vampire (12 damage)
             ... on level 7 of the Dungeon on Oct 28, 2021.
             The game lasted 00:09:48 (8419 turns).

Crownlay the Cleaver (Hill Orc Fighter)             Turns: 8419, Time: 00:09:48

Health: -9/78      AC:  8    Str: 22    XL:     9   Next: 63%
Magic:  13/14      EV: 11    Int:  8    God:    Okawaru [***...]
Gold:   231        SH:  0    Dex: 10    Spells: 8/8 levels left

rFire    . . .     SeeInvis .   g - +0 hand axe (freeze)
rCold    + . .     Faith    .   (no shield)
rNeg     . . .     Spirit   .   b - +0 scale mail
rPois    .         Reflect  .   (no helmet)
rElec    .         Harm     .   (no cloak)
rCorr    .         Rampage  .   (no gloves)
Will     .....                  (no boots)
Stlth    +.........             (no amulet)
HPRegen  0.23/turn              o - ring of protection from cold
MPRegen  0.14/turn              (no ring)

@: heroic, studying Necromancy
A: no striking features
a: Renounce Religion, Heroism


You were on level 7 of the Dungeon.
You worshipped Okawaru.
Okawaru was most pleased with you.
You visited 1 branch of the dungeon, and saw 7 of its levels.

You collected 231 gold pieces.

Inventory:

Hand Weapons
 a - a +0 war axe
 g - a +0 hand axe of freezing (weapon)
Missiles
 d - 41 poisoned darts (quivered)
 B - 4 silver javelins
Armour
 b - a +0 scale mail (worn)
 c - a +0 kite shield
 p - a +1 plate armour
Jewellery
 o - a ring of protection from cold (left hand)
 A - a ring of protection from cold
Wands
 x - a wand of acid (6)
 y - a wand of flame (25)
Scrolls
 e - 2 scrolls of enchant armour
 f - a scroll of acquirement {unknown}
 i - a scroll of teleportation {unknown}
 n - a scroll of noise {unknown}
 r - a scroll of fear {unknown}
 s - a scroll of magic mapping {unknown}
 u - 2 scrolls of silence
 v - a scroll of brand weapon {unknown}
 w - a scroll of identify
Potions
 h - a potion of flight
 j - 3 potions of berserk rage
 k - a potion of heal wounds {unknown}
 q - a potion of magic {unknown}
 t - a potion of attraction {unknown}
 z - a potion of mutation {unknown}
 C - a potion of degeneration {unknown}


   Skills:
 - Level 6.9(11.9) Fighting
 * Level 13.4(18.4) Axes
 - Level 3.2(8.2) Armour
 - Level 3.2(8.2) Shields
 + Level 7.0 Invocations


You had 8 spell levels left.
You didn't know any spells.
Your spell library contained the following spells:

 Spells                   Type           Power      Damage    Failure   Level
 Foxfire                  Conj/Fire      0%         2x1d4     69%         1
 Shock                    Conj/Air       0%         1d3       69%         1
 Call Canine Familiar     Summ           0%         N/A       96%         3
 Conjure Flame            Conj/Fire      0%         6-21      96%         3
 Gell's Gravitas          Tloc           0%         N/A       96%         3
 Inner Flame              Hex/Fire       0%         N/A       96%         3
 Lesser Beckoning         Tloc           0%         N/A       96%         3
 Ozocubu's Armour         Ice            0%         N/A       96%         3
 Portal Projectile        Hex/Tloc       0%         N/A       96%         3
 Swiftness                Air            0%         N/A       96%         3
 Teleport Other           Tloc           0%         N/A       96%         3
 Airstrike                Air            0%         N/A       100%        4
 Leda's Liquefaction      Hex/Erth       0%         N/A       100%        4
 Metabolic Englaciation   Hex/Ice        0%         N/A       100%        5
 Simulacrum               Ice/Necr       0%         N/A       100%        6


Dungeon Overview and Level Annotations

Branches:
Dungeon (7/15)             Temple (0/1) D:6

Altars:
Ashenzari
Cheibriados
Dithmenos
Fedhas
Kikubaaqudgha
Makhleb
Okawaru
Ru
Wu Jian
Xom

Shops:
D:4 [

Annotations:
D:4 1 runed translucent door, Crazy Yiuf


Message History

The vampire barely misses you. The vampire bites you.
The vampire draws strength from your injuries!
You hit the vampire.
The vampire is lightly damaged.
You barely miss the vampire.
The vampire is lightly damaged.
The vampire hits you! The vampire bites you.
The vampire draws strength from your injuries!
You hit the vampire.
The vampire is lightly damaged.
You slash the vampire! You freeze the vampire.
The vampire is moderately damaged.
The vampire gestures wildly while chanting.
The vampire flickers and vanishes!
Deactivating autopickup; reactivate with Ctrl-A.
No target in view!
No target in view!
No target in view!
No target in view!
No target in view!
No target in view!
You hit something. Something completely misses you. Something bites you.
Something draws strength from your injuries!
You hit something but do no damage. You punch something.
You hit something but do no damage. Something hits you. Something bites you!
Something draws strength from your injuries!
You slash something! You freeze something. You hit something.
Something hits you. Something bites you!
Something draws strength from your injuries!
You barely miss something. Something hits you!
* * * LOW HITPOINT WARNING * * *
Something bites you.
* * * LOW HITPOINT WARNING * * *
Something draws strength from your injuries!
You hit something. You closely miss something.
Something draws life force from you!
* * * LOW HITPOINT WARNING * * *
You miss something. You hit something. Something barely misses you.
Something bites you!
You die...

###############
..............#
..............#
#......<......#
#......@......#
#.....{###+####
###+#.. #.. #..
..< .... ....


There were no monsters in sight!

Vanquished Creatures
  Harold (D:7)
  Menkaure (D:5)
  A hornet zombie (D:7)
  A black bear (D:4)
  An ogre (D:3)
  5 necrophages
  A centaur (D:6)
  2 bullfrogs (D:6)
  3 scorpions
  A wyvern zombie (D:7)
  A water moccasin zombie (D:6)
  A water moccasin skeleton (D:4)
  A howler monkey (D:7)
  A jelly (D:6)
  A bullfrog skeleton (D:5)
  2 hounds
  A centaur skeleton (D:6)
  An orc priest (D:5)
  A gnoll shaman (D:4)
  Jessica (D:2)
  5 iguanas
  Natasha (thrice) (D:3)
  3 gnolls (D:5)
  4 adders
  A shadow imp (D:6)
  2 ufetubi
  An adder skeleton (D:4)
  A worm (D:5)
  3 dart slugs
  20 orcs
  5 endoplasms
  4 giant cockroaches
  16 goblins
  3 hobgoblins
  6 jackals
  6 kobolds
  A quokka (D:2)
  4 ball pythons
  6 bats
  6 rats
128 creatures vanquished.

Vanquished Creatures (others)
  A bush (D:7)
  4 fungi (D:4)
  18 plants
23 creatures vanquished.

Grand Total: 151 creatures vanquished

Notes
Turn   | Place    | Note
-------+----------+-------------------------------------------
     0 | D:1      | Crownlay the Hill Orc Fighter began the quest for the Orb.
     0 | D:1      | Reached XP level 1. HP: 19/19 MP: 1/1
    60 | D:1      | Reached skill level 3 in Axes
   280 | D:1      | Reached XP level 2. HP: 25/27 MP: 2/2
   865 | D:2      | Reached skill level 4 in Axes
   868 | D:2      | Found a sacrificial altar of Ru.
   915 | D:2      | Noticed Jessica
   923 | D:2      | Killed Jessica
   924 | D:2      | Reached XP level 3. HP: 33/33 MP: 3/3
  1291 | D:2      | Reached XP level 4. HP: 34/41 MP: 4/4
  1356 | D:2      | Reached skill level 5 in Axes
  1834 | D:3      | Noticed Natasha
  1844 | D:3      | Killed Natasha
  2176 | D:3      | Noticed Natasha
  2184 | D:3      | Killed Natasha
  2185 | D:3      | Reached XP level 5. HP: 28/47 MP: 5/5
  2299 | D:3      | Noticed Natasha
  2304 | D:3      | Killed Natasha
  2305 | D:3      | Reached skill level 6 in Axes
  2349 | D:3      | Reached skill level 5 in Fighting
  2386 | D:3      | Noticed an ogre
  2403 | D:3      | Killed an ogre
  2404 | D:3      | Reached skill level 7 in Axes
  2404 | D:3      | Reached XP level 6. HP: 33/56 MP: 6/6
  2688 | D:3      | Found a burning altar of Makhleb.
  2762 | D:3      | Found a faded altar of an unknown god.
  3678 | D:4      | Found an iron altar of Okawaru.
  3691 | D:4      | Became a worshipper of Warmaster Okawaru
  3735 | D:4      | Noticed a black bear
  3736 | D:4      | Found an ancient bone altar of Kikubaaqudgha.
  3746 | D:4      | Killed a black bear
  3747 | D:4      | Reached skill level 8 in Axes
  3747 | D:4      | Reached XP level 7. HP: 37/63 MP: 7/7
  4140 | D:4      | Found Goum's Armour Shop.
  4550 | D:4      | Found a runed translucent door.
  4551 | D:4      | Noticed Crazy Yiuf
  4597 | D:5      | Entered Level 5 of the Dungeon
  4603 | D:5      | Reached skill level 9 in Axes
  5614 | D:5      | Noticed Menkaure
  5633 | D:5      | Reached XP level 8. HP: 35/71 MP: 8/8
  5635 | D:5      | Killed Menkaure
  5635 | D:5      | Reached * piety under Okawaru
  5636 | D:5      | Reached skill level 10 in Axes
  5636 | D:5      | Reached skill level 1 in Invocations
  6074 | D:5      | Found a shimmering altar of Xom.
  6098 | D:5      | Found a shadowy altar of Dithmenos.
  6197 | D:5      | Found an ornate altar of the Wu Jian Council.
  6982 | D:6      | Found a staircase to the Ecumenical Temple.
  7175 | D:6      | Reached skill level 11 in Axes
  7810 | D:6      | Found a broken altar of Ashenzari.
  7826 | D:6      | Found a snail-covered altar of Cheibriados.
  7904 | D:7      | Noticed Harold
  7910 | D:7      | Found a blossoming altar of Fedhas.
  7932 | D:7      | Killed Harold
  7932 | D:7      | Reached ** piety under Okawaru
  7933 | D:7      | Reached skill level 12 in Axes
  7933 | D:7      | Reached XP level 9. HP: 30/78 MP: 10/13
  7979 | D:7      | Reached *** piety under Okawaru
  7990 | D:7      | Reached skill level 13 in Axes
  8001 | D:7      | HP: 2/78 [hornet zombie (5)]
  8023 | D:7      | HP: 2/76 [necrophage (2)]
  8417 | D:7      | HP: 3/78 [something (12)]
  8419 | D:7      | Mangled by a vampire

Illustrated notes

Levels and vault maps discovered:
D:1:      lemuel_arrival_lava_pool, layout_basic
D:2:      layout_basic, basic_altar, uniq_jessica
D:3:      layout_basic, mainiacjoe_overflow_alcove_1, serial_forest,
          infiniplex_forest_clump_diagonal, infiniplex_forest_straight_3,
          infiniplex_forest_lined_2, infiniplex_forest_lined_room_,
          infiniplex_forest_lined_2, infiniplex_forest_clump_tiny,
          ebering_ecumenical_altar_abandoned, minmay_ogre_servants, uniq_natasha
D:4:      layout_loops_cross, mainiacjoe_overflow_catch_the_wave, serial_shops,
          nicolae_stop_n_shop_1, minmay_manual_monstrance,
          uniq_crazy_yiuf_cottage
D:5:      layout_basic, nzn_wu_jian_contemplation,
          grunt_dithmenos_smoke_and_mirrors, mainiacjoe_overflow_cross_hatched,
          uniq_menkaure
D:6:      layout_basic, kennysheep_slug_shrine, ashenzari_altar_1,
          temple_pool_b, kennysheep_generic_room_3
D:7:      layout_basic, beargit_hepliaklqana_dungeon_heroes,
          fedhas_altar_decomposition, tso_altar, nicolae_ossuary_entry_giza,
          hellmonk_guarded_unrand_zhor, uniq_harold

Skill      XL: |  1  2  3  4  5  6  7  8  9 |
---------------+----------------------------+-----
Axes           | 3 4 5 7 8 9 12 13 | 13.4
Fighting       | 4 5 6 |  6.9
Invocations    | 6 7 |  7.0
Armour         | |  3.2
Shields        | |  3.2

Action                   |  1- 3 |  4- 6 |  7- 9 || total
-------------------------+-------+-------+-------++-------
Melee: War axe           |    33 |       |       ||    33
       Hand axe          |    17 |   180 |   290 ||   487
       Punch             |       |       |     4 ||     4
Throw: Dart              |       |       |    37 ||    37
       Throwing net      |       |       |     5 ||     5
Invok: Heroism           |       |       |     4 ||     4
  Use: Potion            |       |     1 |     1 ||     2
       Scroll            |       |       |     5 ||     5
 Stab: Held in net/web   |       |       |     4 ||     4
Armor: Scale mail        |    30 |    54 |    74 ||   158
Dodge: Dodged            |    38 |    70 |   104 ||   212
